 Dungeon Sprint DCSS version 0.21.1-1-g345015fe64 (webtiles) character file.

8100000 Groucho the Intangible (level 27, -4/174 HPs)
             Began as a Spriggan Abyssal Knight on Apr 15, 2018.
             Was the Champion of Makhleb.
             Slain by a meat berserker
             ... wielding a +9 battleaxe
              (73 damage)
             ... in the Dungeon (Sprint VIII: "Arena of Blood").
             The game lasted 00:02:13 (81 turns).

Groucho the Intangible (Spriggan Abyssal Knight)      Turns: 81, Time: 00:02:13

Health: -4/174     AC:  4    Str:  8    XL:     27
Magic:  33/55      EV: 44    Int: 17    God:    Makhleb [******]
Gold:   0          SH:  0    Dex: 25    Spells: 80/80 levels left

rFire    . . .     SeeInvis +   j - +∞ Axe of Woe
rCold    . . .     Gourm    .   (shield currently unavailable)
rNeg     . . .     Faith    .   b - +0 robe
rPois    .         Spirit   .   (helmet restricted)
rElec    .         Reflect  .   (no cloak)
rCorr    .         Harm     .   (gloves unavailable)
MR       ++++.     NoTele   +   (boots unavailable)
Stlth    +++++++++.             (no amulet)
HPRegen  0.39/turn              (no ring)
MPRegen  0.34/turn              (no ring)

@: very quick
A: very small, unfitting armour, see invisible, herbivore, speed 3, slow
metabolism 2
a: Minor Destruction, Lesser Servant of Makhleb, Major Destruction, Greater
Servant of Makhleb, Renounce Religion


You were in the Dungeon.
You worshipped Makhleb.
Makhleb was exalted by your worship.
You were not hungry.

You visited 1 branch

Inventory:

Hand Weapons
 a - a +1 short sword
 j - the +∞ Axe of Woe (weapon)
   (You found it in the Dungeon)
Armour
 b - a +0 robe (worn)
Scrolls
 i - a scroll of blinking
Potions
 d - a potion of curing
 e - a potion of heal wounds
 f - a potion of haste
 g - 2 potions of magic
 h - a potion of berserk rage
Comestibles
 c - a ration


   Skills:
 O Level 27 Fighting
 O Level 27 Short Blades
 O Level 27 Axes
 O Level 27 Throwing
 O Level 27 Armour
 O Level 27 Dodging
 O Level 27 Stealth
 O Level 27 Unarmed Combat
 O Level 27 Spellcasting
 O Level 27 Invocations


You had 80 spell levels left.
You didn't know any spells.

Dungeon Overview and Level Annotations

Branches:
Dungeon (1/1)

Altars:
Makhleb


Innate Abilities, Weirdness & Mutations

You are very small and have problems with some larger weapons.
You are too small for most types of armour.
You have supernaturally acute eyesight. (SInv)
You are a herbivore.
You cover ground extremely quickly.
You need consume almost no food.


Message History

Makhleb accepts your kill.
You feel better.
You slash the bag of meat!
You pulverise the bag of meat into a thin bloody mist.
You kill the bag of meat!
Makhleb accepts your kill.
You hear a shout! x6
The meat berserker rages.
You hear a shout! x2
The eight-headed meat hydra calls on the powers of darkness!
The eight-headed meat hydra convulses!
The meat berserker convulses!
The bag of meat convulses! x2; The meat berserker convulses!
The bag of meat convulses!
Your body is wracked with pain!
The bag of meat convulses! x2
You hear a shout! x3
The dread throws damnation at you.
The sphere of damnation explodes!
The damnation engulfs you!
You hear a shout!
You hear two shouts!
You hear a shout! x5
The meat berserker hits you with a +9 battleaxe!!!!
You die... .. ..O.. #.. ...# #.. ...# . .###.. ...###..W ......###.......z ......_..%.% o.§ #.)V).# .oo. #_)2)_# D.oO.

...#.)O@.#......
.....oW_).)O...o.
....§.###).......
.###.. .V.###.V.
#W. ....# .. #.
.....# .........
...........
..........


You could see a meat beast, 3 destroyers, a dread, 2 meat berserkers and 2 bags
of meat.

Vanquished Creatures
  A hell beast (D)
  A greater mummy (D)
  A wraith (D)
  10 vampire knights (D)
  18 ogres (D)
  3 two-headed ogres (D)
  2 liches (D)
  28 orcs (D)
  A phantom (D)
  4 skeletal warriors (D)
  3 large abominations (D)
  A small abomination (D)
  2 crawling corpses (D)
75 creatures vanquished.

Vanquished Creatures (others)
  A crawling corpse (D)
1 creature vanquished.

Grand Total: 76 creatures vanquished

Notes
Turn   | Place    | Note
-------+----------+-------------------------------------------
     0 | D        | Found the +∞ Axe of Woe
     0 | D        | Groucho the Spriggan Abyssal Knight began the quest for the Orb.
     0 | D        | Reached XP level 1. HP: 11/11 MP: 3/3
     3 | D        | Noticed a bag of meat
     4 | D        | Fell from the grace of Lugonu
     4 | D        | Became a worshipper of Makhleb the Destroyer
     5 | D        | Noticed a bag of meat
     6 | D        | Noticed a bag of meat
    10 | D        | Noticed a meat berserker
    10 | D        | Killed a bag of meat
    10 | D        | Reached XP level 2. HP: 16/16 MP: 4/4
    10 | D        | Reached XP level 3. HP: 19/19 MP: 5/5
    10 | D        | Reached XP level 4. HP: 23/23 MP: 6/6
    10 | D        | Reached XP level 5. HP: 27/27 MP: 7/7
    10 | D        | Reached XP level 6. HP: 32/32 MP: 8/8
    10 | D        | Reached XP level 7. HP: 35/35 MP: 9/9
    10 | D        | Reached XP level 8. HP: 39/39 MP: 10/10
    10 | D        | Reached XP level 9. HP: 43/43 MP: 11/11
    10 | D        | Reached XP level 10. HP: 47/47 MP: 12/12
    10 | D        | Reached XP level 11. HP: 51/51 MP: 13/13
    11 | D        | Noticed a meat berserker
    11 | D        | Killed a bag of meat
    11 | D        | Reached * piety under Makhleb
    11 | D        | Reached skill level 27 in Dodging
    11 | D        | Reached XP level 12. HP: 56/56 MP: 14/14
    13 | D        | Noticed a bag of meat
    13 | D        | Killed a meat berserker
    13 | D        | Reached XP level 13. HP: 59/59 MP: 15/15
    13 | D        | Reached XP level 14. HP: 63/63 MP: 16/16
    14 | D        | Noticed a bag of meat
    14 | D        | Noticed a meat berserker
    14 | D        | Noticed a meat berserker
    15 | D        | Noticed a meat berserker
    15 | D        | Killed a bag of meat
    15 | D        | Reached skill level 27 in Axes
    15 | D        | Killed a meat berserker
    15 | D        | Reached ** piety under Makhleb
    15 | D        | Reached XP level 15. HP: 86/86 MP: 17/17
    17 | D        | Killed a meat berserker
    17 | D        | Reached skill level 15 in Armour
    17 | D        | Reached XP level 16. HP: 98/98 MP: 18/18
    17 | D        | Killed a meat berserker
    19 | D        | Killed a meat berserker
    19 | D        | Reached *** piety under Makhleb
    19 | D        | Reached XP level 17. HP: 113/113 MP: 19/19
    20 | D        | Noticed a meat berserker
    20 | D        | Noticed a meat berserker
    22 | D        | Reached **** piety under Makhleb
    22 | D        | Reached XP level 18. HP: 123/123 MP: 20/20
    24 | D        | Noticed a large bag of meat
    24 | D        | Noticed a destroyer
    24 | D        | Killed a meat berserker
    24 | D        | Reached skill level 27 in Fighting
    25 | D        | Killed a large bag of meat
    25 | D        | Reached skill level 27 in Armour
    25 | D        | Reached skill level 5 in Unarmed Combat
    25 | D        | Reached XP level 19. HP: 132/132 MP: 20/31
    26 | D        | Killed a meat berserker
    26 | D        | Reached ***** piety under Makhleb
    28 | D        | Reached skill level 15 in Spellcasting
    29 | D        | Killed a destroyer
    29 | D        | Reached XP level 20. HP: 129/137 MP: 20/43
    30 | D        | Reached skill level 15 in Unarmed Combat
    33 | D        | Noticed a meat berserker
    37 | D        | Noticed a destroyer
    38 | D        | Killed a meat berserker
    38 | D        | Reached ****** piety under Makhleb
    38 | D        | Reached XP level 21. HP: 142/142 MP: 23/51
    39 | D        | Noticed a destroyer
    40 | D        | Noticed a large bag of meat
    43 | D        | Noticed a destroyer
    43 | D        | Noticed a destroyer
    44 | D        | Killed a destroyer
    44 | D        | Reached skill level 27 in Spellcasting
    44 | D        | Reached XP level 22. HP: 148/148 MP: 24/54
    45 | D        | Noticed a large bag of meat
    45 | D        | Killed a destroyer
    45 | D        | Reached skill level 27 in Short Blades
    45 | D        | Reached skill level 27 in Throwing
    45 | D        | Reached skill level 27 in Invocations
    46 | D        | Noticed a tyrant
    46 | D        | Reached skill level 27 in Unarmed Combat
    48 | D        | Killed a destroyer
    48 | D        | Reached skill level 27 in Stealth
    48 | D        | Reached XP level 23. HP: 153/153 MP: 25/55
    48 | D        | Killed a large bag of meat
    50 | D        | Reached XP level 24. HP: 111/158 MP: 26/55
    53 | D        | Killed a destroyer
    55 | D        | Noticed an accursed
    55 | D        | Reached XP level 25. HP: 163/163 MP: 27/55
    55 | D        | Killed a tyrant
    56 | D        | Noticed a destroyer
    57 | D        | Killed a large bag of meat
    58 | D        | Noticed a destroyer
    58 | D        | Killed an accursed
    58 | D        | Reached XP level 26. HP: 169/169 MP: 27/55
    59 | D        | Noticed a tyrant
    62 | D        | Noticed a destroyer
    63 | D        | Killed a destroyer
    63 | D        | Reached XP level 27. HP: 174/174 MP: 29/55
    64 | D        | Noticed a destroyer
    65 | D        | Killed a tyrant
    68 | D        | Noticed a dread
    68 | D        | Noticed a destroyer
    69 | D        | Noticed a dread
    71 | D        | Killed a destroyer
    72 | D        | Killed a destroyer
    73 | D        | Killed a dread
    74 | D        | Noticed a meat beast
    75 | D        | Noticed a destroyer
    75 | D        | Killed a destroyer
    76 | D        | Killed a meat beast
    78 | D        | Noticed a meat beast
    79 | D        | Noticed a destroyer
    79 | D        | Noticed a destroyer
    80 | D        | Killed a destroyer
    81 | D        | Slain by a meat berserker

Skill      XL: |  1  2  3  4  5  6  7  8  9 10 11 12 13 14 15 16 17 18 19 20 21 22 |
---------------+-------------------------------------------------------------------+-----
Axes           | 16 20 25 27 | 27.0
Dodging        | 25 27 | 27.0
Fighting       | 13 17 22 25 27 | 27.0
Armour         | 11 15 20 23 27 | 27.0
Short Blades   | 7 17 23 26 27 | 27.0
Throwing       | 6 16 21 24 27 | 27.0
Unarmed Combat | 5 13 19 21 27 | 27.0
Spellcasting   | 7 18 25 27 | 27.0
Invocations    | 6 16 21 25 27 | 27.0
Stealth        | 27 | 27.0

Action                   |  1- 3 |  4- 6 |  7- 9 | 10-12 | 13-15 | 16-18 | 19-21 | 22-24 | 25-27 || total
-------------------------+-------+-------+-------+-------+-------+-------+-------+-------+-------++-------
Melee: Broad axe         |     1 |       |       |     2 |     2 |     5 |    13 |    10 |    20 ||    53
Dodge: Dodged            |       |       |       |       |       |       |       |       |     2 ||     2
